[Event "*** Titled Tuesday 3|2 Blitz"]
[Site "Chess.com"]
[Date "2017.06.06"]
[Round "4"]
[White "Ginger_GM"]
[Black "Rock700chess"]
[Result "1-0"]
[WhiteElo "2424"]
[BlackElo "2297"]
[TimeControl "180+2"]
[EndTime "14:38:08 PDT"]
[Termination "Ginger_GM won by resignation"]

1. d4 Nf6 2. Bf4 e6 3. Nf3 c5 4. e3 b6 5. Nbd2 Bb7 6. Nc4 d5 7. Nce5 Nbd7 8. Bb5 a6 9. Ng5 axb5 10. Nexf7 Qe7 11. Nd6+ Qxd6 12. Bxd6 Bxd6 13. Nxe6 Kf7 14. Ng5+ Ke7 15. O-O h6 16. Nf3 Rhe8 17. Nh4 Kf7 18. Nf5 Bf8 19. Qd3 Ba6 20. Qd1 b4 21. Re1 Nb8 22.
a3 Nc6 23. axb4 Nxb4 24. c3 Nd3 25. Rxa6 Nxe1 26. Rxa8 Rxa8 27. Qxe1 Ra2 28. Qb1 Ra5 29. h3 c4 30. f3 b5 31. Nh4 b4 32. Qg6+ Kg8 33.
Nf5 Kh8 34. Nxh6 gxh6 35. Qxf6+ Kg8 36. Qg6+ Kh8 37. e4 bxc3 38. bxc3 Ra1+ 39. Kh2 dxe4 40. fxe4 Ra3 41. Qf6+ Kg8 42. Qe6+ 1-0

[Event "*** Titled Tuesday 3|2 Blitz"]
[Site "Chess.com"]
[Date "2017.06.06"]
[Round "4"]
[White "olgerts_indricans"]
[Black "cukus"]
[Result "0-1"]
[WhiteElo "2302"]
[BlackElo "2447"]
[TimeControl "180+2"]
[EndTime "14:38:14 PDT"]
[Termination "cukus won by checkmate"]

1. e4 c5 2. Nf3 Nc6 3. Bb5 g6 4.
Bxc6 bxc6 5. O-O Bg7 6. Re1 Nh6 7. c3 O-O 8. d4 cxd4 9. cxd4 d5 10. Nc3 dxe4 11. Nxe4 Bg4 12. Be3 Nf5 13. Rc1 Bxf3 14.
Qxf3 Nxd4 15. Bxd4 Qxd4 16. b3 Rac8 17. Red1 Qe5 18.
Rc5 Qc7 19. Rdc1 Rfd8 20. Ng5 Bf6 21. Ne4 Be5 22. g3 h6 23. h4 Bg7 24. h5 g5 25. Qf5 Bd4 26. R5c4 e6 27. Qf3 Qe5 28. Rxc6 Rxc6 29. Rxc6 f5 30. Nc3 g4 31. Qe2 Bxc3 32. Qc4 Bd4 33. Rxe6 Qxg3+ 34. Kh1 Qf3+ 35. Kh2 Qxf2+ 36.
Kh1 Qf3+ 37. Kh2 g3+ 38. Kh3 g2+ 39. Kh4 Qg4# 0-1

[Event "*** Titled Tuesday 3|2 Blitz"]
[Site "Chess.com"]
[Date "2017.06.06"]
[Round "4"]
[White "1lec"]
[Black "aa175"]
[Result "1-0"]
[WhiteElo "2031"]
[BlackElo "1865"]
[TimeControl "180+2"]
[EndTime "14:38:15 PDT"]
[Termination "1lec won on time"]

1. e4 e5 2. Nf3 Nc6 3. Bb5 Nf6 4.
O-O Nxe4 5. Re1 Nd6 6. Nxe5 Be7 7.
Bf1 Nxe5 8. Rxe5 O-O 9. d4 Bf6 10. Re1 Nf5 11. c3 d5 12. Bf4 c6 13. Nd2 Nh4 14. Nf3 Bg4 15. Be2 Nxf3+ 16. Bxf3 Bxf3 17. Qxf3 Re8 18. Be5 Bxe5 19. dxe5 Qc7 20. Qg3 Re6 21.
f4 Qb6+ 22. Kh1 f5 23. exf6 Rxf6 24. Re2 Raf8 25. Rf1 Qc7 26. Ref2 h6 27. h4 R6f7 28. Qg4 Qd7 29. f5 Re8 30. Qf4 Re4 31. Qg3 Re8 32. f6 Qc7 33. Qxc7 Rxc7 34. f7+ 1-0

[Event "*** Titled Tuesday 3|2 Blitz"]
[Site "Chess.com"]
[Date "2017.06.06"]
[Round "4"]
[White "PelinGorki"]
[Black "Keranke"]
[Result "0-1"]
[WhiteElo "2361"]
[BlackElo "2673"]
[TimeControl "180+2"]
[EndTime "14:38:16 PDT"]
[Termination "Keranke won by resignation"]

1. e4 g6 2. d4 Bg7 3. Nf3 d6 4.
Nc3 a6 5. a4 Nf6 6. Bc4 O-O 7.
Qe2 Nc6 8. d5 Nb4 9. O-O c6 10.
dxc6 Nxc6 11. Bg5 Bg4 12. Qe3 Rc8 13. Bb3 Bxf3 14. Qxf3 Nd4 15. Qd1 Nxb3 16. cxb3 Qa5 17. Bd2 Qe5 18. Qe2 Rc6 19. f4 Qe6 20. b4 Qc4 21. Qxc4 Rxc4 22. e5 dxe5 23. fxe5 Ng4 24. e6 Bd4+ 25. Kh1 Nf2+ 26. Rxf2 Bxf2 27. exf7+ Rxf7 28. b5 Bd4 29. bxa6 bxa6 30. h3 e5 31. Rc1 Rb7 32. Rc2 e4 33. Bc1 Bxc3 34. bxc3 Rxa4 35. Kh2 Kf7 36. Be3 Rc4 37. Bd4 a5 38. Re2 Re7 39. Kg3 a4 40. Kf4 a3 41. Ra2 Ra4 42. Ke3 Re6 43. g4 Ke8 44. h4 Kd7 45. g5 Kc6 46. Kd2 Kd5 0-1

[Event "*** Titled Tuesday 3|2 Blitz"]
[Site "Chess.com"]
[Date "2017.06.06"]
[Round "4"]
[White "goingin33"]
[Black "Squirlolz"]
[Result "0-1"]
[WhiteElo "2185"]
[BlackElo "2350"]
[TimeControl "180+2"]
[EndTime "14:38:18 PDT"]
[Termination "Squirlolz won by resignation"]

1. d4 Nf6 2. Bg5 d5 3. Nd2 e6 4. e3 c5 5. c3 Nc6 6. Bd3 h6 7. Bh4 Be7 8. f4 O-O 9. Ngf3 b6 10. Ne5 Bb7 11. O-O Ne4 12. Bxe7 Nxe7 13. Bxe4 dxe4 14. Qe2 Nf5 15. Rfd1 Qc7 16. dxc5 Qxc5 17. Ndc4 Rfd8 18.
b4 Qc7 19. Rxd8+ Rxd8 20. Rd1 Rxd1+ 21. Qxd1 Bd5 22. Qe2 f6 23. g4 fxe5 24. Nxe5 Nh4 25. c4 Bb7 26. c5 Nf3+ 27. Nxf3 exf3 28. Qc4 Bd5 29. Qb5 bxc5 30. f5 exf5 31. gxf5 Qe5 32. bxc5 Qxf5 33. c6 f2+ 34. Kf1 Bg2+ 35. Kxg2 Qxb5 36. c7 f1=Q+ 0-1

[Event "*** Titled Tuesday 3|2 Blitz"]
[Site "Chess.com"]
[Date "2017.06.06"]
[Round "4"]
[White "Elshan1985"]
[Black "IIIlllII1llIl"]
[Result "0-1"]
[WhiteElo "2542"]
[BlackElo "2515"]
[TimeControl "180+2"]
[EndTime "14:38:23 PDT"]
[Termination "IIIlllII1llIl won by checkmate"]

1. d4 Nf6 2. Nf3 e6 3. c4 b6 4.
g3 Bb7 5. Bg2 Be7 6. O-O O-O 7.
Qc2 c5 8. dxc5 bxc5 9. Nc3 Nc6 10. Rd1 Qb6 11. Bg5 Rfd8 12. Rab1 Rac8 13. a3 d6 14. Na4 Qc7 15. b4 cxb4 16. axb4 Nb8 17. c5 Be4 18. Rd3 h6 19. Bf4 e5 20. Nxe5 dxe5 21. Rxd8+ Rxd8 22.
Bxe4 exf4 23. Bf3 fxg3 24. hxg3 Nbd7 25. Nc3 Ne5 26. Bg2 a5 27. Nb5 Qc8 28. bxa5 Bxc5 29. Rc1 Ned7 30. Nd6 Qa6 31. Nb7 Rc8 32. e3 Rc7 33. Qb3 Bd6 34. Rd1 Be7 35. Qb2 Nc5 36. Nd8 Qc8 37. Nc6 Rxc6 38. Bxc6 Qxc6 39. Qb6 Qf3 40.
Rf1 Qe2 41. Qb8+ Kh7 42. Qa7 Bd6 43. Qxf7 Nce4 44. Qe6 Nd2 45. Qf5+ g6 46. Qxf6 Qxf1+ 47. Kh2 h5 48. Qxd6 Nf3# 0-1

[Event "*** Titled Tuesday 3|2 Blitz"]
[Site "Chess.com"]
[Date "2017.06.06"]
[Round "4"]
[White "Drags95"]
[Black "Storne89"]
[Result "1-0"]
[WhiteElo "2530"]
[BlackElo "2509"]
[TimeControl "180+2"]
[EndTime "14:38:24 PDT"]
[Termination "Drags95 won by resignation"]

1. d4 Nf6 2. c4 c5 3. d5 b5 4.
cxb5 a6 5. e3 axb5 6. Bxb5 Qa5+ 7. Nc3 Bb7 8. Bd2 Qb6 9. a4 Nxd5 10. Nxd5 Bxd5 11. Nf3 Qg6 12. O-O e6 13. Bc3 Be7 14. Bd3 f5 15. Ne1 O-O 16. f3 Nc6 17. Qe2 Na5 18. e4 fxe4 19. fxe4 Rxf1+ 20. Kxf1 Bc6 21. Nf3 Nb3 22. Re1 Rxa4 23. Ne5 Qf6+ 24. Kg1 Nd4 25.
Bxd4 Rxd4 26. Nxc6 dxc6 27. e5 Qg5 28. Bc4 Qg6 29.
b3 h6 30. Qf3 Bh4 31. Rf1 Bg5 32. Qxc6 Be3+ 33. Kh1 Rf4 34. Rxf4 Bxf4 35. Bxe6+ Kf8 36. Qd6+ 1-0

[Event "*** Titled Tuesday 3|2 Blitz"]
[Site "Chess.com"]
[Date "2017.06.06"]
[Round "4"]
[White "Colombiano07"]
[Black "viggi38"]
[Result "1-0"]
[WhiteElo "2258"]
[BlackElo "2153"]
[TimeControl "180+2"]
[EndTime "14:38:31 PDT"]
[Termination "Colombiano07 won by resignation"]

1. d4 e6 2. c4 f5 3. Nf3 Nf6 4. g3 Be7 5. Bg2 O-O 6. O-O d6 7.
Nc3 a5 8. b3 Ne4 9. Bb2 Nxc3 10. Bxc3 Bf6 11. Qc2 Nc6 12. Rad1 Qe8 13. Rfe1 e5 14.
dxe5 dxe5 15. e3 e4 16. Nd4 Ne5 17. Nb5 Qf7 18. Bxe5 Bxe5 19. Rd5 Bf6 20. Red1 Be6 21. R5d2 Qe7 22. Nd4 Bd7 23. c5 Bxd4 24. Rxd4 Bc6 25.
Qc3 Rad8 26. Qxa5 Rxd4 27. Rxd4 g5 28. Qc3 Re8 29. Bf1 Qg7 30. b4 f4 31. b5 Bd5 32.
Bc4 c6 33. Qb3 Bxc4 34. Qxc4+ Qf7 35. Qxf7+ Kxf7 36. b6 Re5 37. gxf4 gxf4 38. Rd7+ Kg6 39. exf4 Rxc5 40. Rxb7 Kf5 41. a4 Kxf4 42. Kg2 Rg5+ 43.
Kf1 e3 44. Rf7+ Kg4 45. fxe3 Ra5 1-0

[Event "*** Titled Tuesday 3|2 Blitz"]
[Site "Chess.com"]
[Date "2017.06.06"]
[Round "4"]
[White "GMAkobianSTL"]
[Black "temiksmozg"]
[Result "0-1"]
[WhiteElo "2575"]
[BlackElo "2454"]
[TimeControl "180+2"]
[EndTime "14:38:36 PDT"]
[Termination "temiksmozg won on time"]

1. d4 f5 2. Nc3 d5 3. Bf4 c6 4.
e3 g6 5. Bd3 Nh6 6. Nf3 Nf7 7. h3 Bg7 8. Ne2 Nd7 9. g4 e5 10.
dxe5 Ndxe5 11. Nxe5 Nxe5 12. Bxe5 Bxe5 13. gxf5 O-O 14. c3 Qh4 15. Nd4 Bxd4 16. cxd4 Bxf5 17. Rh2 Rae8 18. Qd2 Qxd4 19. Bxf5 Qxd2+ 20. Kxd2 Rxf5 21. Rg1 Kg7 22. h4 Kh6 23. Rg3 Re4 24. Ke2 Rh5 25.
Rgh3 Rhe5 26. Kd3 Rf5 27. f4 Kh5 28. Rg3 h6 29. Rhg2 Re6 30. b4 b6 31. Rc2 Rd6 32.
Kd4 Rf7 33. Kd3 d4 0-1

[Event "*** Titled Tuesday 3|2 Blitz"]
[Site "Chess.com"]
[Date "2017.06.06"]
[Round "4"]
[White "DiamondCrusher22"]
[Black "silverback96"]
[Result "0-1"]
[WhiteElo "2013"]
[BlackElo "2122"]
[TimeControl "180+2"]
[EndTime "14:38:38 PDT"]
[Termination "silverback96 won by checkmate"]

1. e4 e6 2. d4 d5 3. Nd2 Nf6 4. e5 Nfd7 5. Bd3 c5 6. c3 Nc6 7. Ne2 cxd4 8. cxd4 f6 9. exf6 Nxf6 10.
Nf3 Bd6 11. O-O O-O 12. Bg5 Bd7 13. Re1 Be8 14. Ng3 Bd7 15. Qb3 Qc7 16. Rac1 Rac8 17. Ne5 Bxe5 18. dxe5 Ng4 19. Be7 Nxf2 20. Bxf8 Rxf8 21.
Bb1 Qb8 22. Rf1 Ng4 23. Qc2 g6 24. Rxf8+ Qxf8 25. Rf1 Qh6 26. Rf3 Qxh2+ 27. Kf1 Nd4 28. Qc7 Nxf3 29. Qd8+ Kg7 30. Qe7+ Kh6 31. Qf8+ Kg5 32.
Qe7+ Kf4 33. Ne2+ Ke3 34. Qc5+ d4 35. Qc1+ Nd2+ 36. Ke1 Qh1+ 37. Ng1 Qxg1# 0-1

[Event "*** Titled Tuesday 3|2 Blitz"]
[Site "Chess.com"]
[Date "2017.06.06"]
[Round "4"]
[White "Grebeniuk-S"]
[Black "Vamostodorecto"]
[Result "1-0"]
[WhiteElo "2430"]
[BlackElo "2315"]
[TimeControl "180+2"]
[EndTime "14:38:41 PDT"]
[Termination "Grebeniuk-S won by checkmate"]

1. d4 d5 2. c4 Nc6 3. Bf4 Nf6 4.
Nf3 e6 5. e3 Bb4+ 6. Nbd2 O-O 7.
a3 Bd6 8. Ne5 Bxe5 9. dxe5 Ne4 10.
Nxe4 dxe4 11. Qh5 f5 12. Be2 Bd7 13. O-O-O Qe7 14. g4 Be8 15. Qh3 Qc5 16. gxf5 exf5 17. Rd5 Qe7 18. Rg1 Kh8 19. Rg5 Bf7 20. Rd1 g6 21. Qg3 Rae8 22. e6 Bxe6 23. h4 Bf7 24. h5 Qf6 25. hxg6 Bxg6 26. Rh1 Rg8 27. Qh3 Re7 28. Qh6 Qg7 29. Qh4 Ne5 30. Rhg1 Qf7 31. Qh2 Nd3+ 32. Bxd3 exd3 33. Be5+ Rg7 34. Bxg7+ Kxg7 35. Qf4 Re4 36. Qxf5 Qxc4+ 37. Kb1 d2 38. Rxg6+ hxg6 39. Rxg6+ Kh7 40. Qh5# 1-0

[Event "*** Titled Tuesday 3|2 Blitz"]
[Site "Chess.com"]
[Date "2017.06.06"]
[Round "4"]
[White "dolynachess"]
[Black "TomsKantans"]
[Result "0-1"]
[WhiteElo "2313"]
[BlackElo "2480"]
[TimeControl "180+2"]
[EndTime "14:38:42 PDT"]
[Termination "TomsKantans won by resignation"]

1. c4 e5 2. g3 Nc6 3. Bg2 Bc5 4. e3 d6 5. Ne2 a6 6. h3 Ba7 7. O-O h5 8. Nbc3 h4 9. g4 f5 10. gxf5 Bxf5 11. f4 Qd7 12. Kh2 O-O-O 13. Nd5 exf4 14. Rxf4 g5 15. Rf2 g4 16. hxg4 Bxg4 17. Qf1 h3 18. Bh1 Ne5 19. Ng3 Be6 20. Rf4 Ng4+ 21. Rxg4 Bxg4 22. d4 c6 23. Nf4 Nh6 24.
Bd2 Rdf8 25. Qd3 Rhg8 26. Be4 Be6 27. Nxe6 Qxe6 28. Rf1 Ng4+ 29. Kg1 Rxf1+ 30. Qxf1 Qxe4 31. Nxe4 Nxe3+ 32. Kf2 Nxf1 33. Kxf1 h2 34. Nxd6+ Kd7 0-1

[Event "*** Titled Tuesday 3|2 Blitz"]
[Site "Chess.com"]
[Date "2017.06.06"]
[Round "4"]
[White "ChessNinja48"]
[Black "Fins0905"]
[Result "0-1"]
[WhiteElo "2296"]
[BlackElo "2438"]
[TimeControl "180+2"]
[EndTime "14:38:46 PDT"]
[Termination "Fins0905 won by resignation"]

1. d4 d5 2. c4 c6 3. Nf3 Nf6 4. Nc3 dxc4 5. a4 Bf5 6. e3 e6 7. Bxc4 Bb4 8. O-O Nbd7 9. Qe2 Bg6 10. e4 O-O 11. Bd3 Qe7 12. e5 Nd5 13. Nxd5 exd5 14. Bxg6 fxg6 15. a5 h6 16. Bd2 Bxd2 17. Nxd2 Rf4 18.
Qd3 Qe6 19. g3 Rf5 20. Qb3 Rb8 21. Rac1 Kh8 22. Kg2 Rh5 23. h4 b6 24. axb6 Rxb6 25.
Qa3 a6 26. Rh1 Kg8 27. Nf1 Qg4 28. Qf3 Qxf3+ 29. Kxf3 Rf5+ 30. Ke2 Rxb2+ 31. Nd2 c5 32. dxc5 Nxe5 33. c6 Nc4 34. Rhd1 Rf6 35. c7 Rc6 36.
Kd3 Rxc7 37. f4 Rb4 38. Kd4 0-1

[Event "*** Titled Tuesday 3|2 Blitz"]
[Site "Chess.com"]
[Date "2017.06.06"]
[Round "4"]
[White "Pierrebl"]
[Black "GGuseinov"]
[Result "1-0"]
[WhiteElo "2558"]
[BlackElo "2693"]
[TimeControl "180+2"]
[EndTime "14:38:48 PDT"]
[Termination "Pierrebl won by checkmate"]

1. e4 c5 2. Nf3 Nc6 3. d4 cxd4 4.
Nxd4 g6 5. Nc3 Bg7 6. Be3 Nf6 7. Bc4 O-O 8. Bb3 d6 9. f3 Bd7 10. Qd2 Nxd4 11. Bxd4 b5 12. a4 bxa4 13. Bxa4 Bxa4 14. Rxa4 Qb8 15. b3 Rc8 16. O-O Qb7 17. Rfa1 a6 18. Qd3 Rc6 19. Nd5 Nxd5 20. exd5 Bxd4+ 21. Rxd4 Rc5 22. Re1 a5 23. Qe2 Rxd5 24. Rxd5 Qxd5 25. Qxe7 Qc5+ 26.
Re3 a4 27. bxa4 Kg7 28. Qe4 Rb8 29. c3 Rb1+ 30. Qxb1 Qxe3+ 31. Kf1 Qxc3 32. Qa2 Qc1+ 33. Kf2 Qc5+ 34. Kf1 d5 35. a5 d4 36. a6 Qc1+ 37. Kf2 Qe3+ 38. Kf1 d3 39. a7 d2 40. Qa1+ Kh6 41.
a8=Q Qd3+ 42. Kf2 d1=Q 43. Qf8+ Kh5 44. g4+ Kg5 45. Qe5+ f5 46. Qff6+ Kh6 47. Qg7+ Kg5 48. Qef6+ Kf4 49. Qh6+ g5 50. Qhxg5# 1-0

[Event "*** Titled Tuesday 3|2 Blitz"]
[Site "Chess.com"]
[Date "2017.06.06"]
[Round "4"]
[White "jcibarra"]
[Black "yurisolo"]
[Result "0-1"]
[WhiteElo "2633"]
[BlackElo "2477"]
[TimeControl "180+2"]
[EndTime "14:39:01 PDT"]
[Termination "yurisolo won by resignation"]

1. e4 c5 2. Nf3 d6 3. d4 Nf6 4.
dxc5 Nxe4 5. cxd6 Nc6 6. Na3 exd6 7. Bc4 Be6 8. Bxe6 fxe6 9. O-O d5 10. Nb5 Bc5 11. c4 O-O 12. cxd5 Nxf2 13. Rxf2 exd5 14.
Nc3 Bxf2+ 15. Kxf2 Qb6+ 16. Kf1 d4 17. Ne2 Rae8 18.
Qb3+ Qxb3 19. axb3 d3 20. Ng3 Nd4 21. Bd2 Nxb3 22.
Rd1 a5 23. Bc3 Rd8 24. Kf2 b5 25. Ne4 d2 26. Ke3 Rfe8 27. Be5 Rd5 28. Nexd2 a4 29.
Ke2 Rdxe5+ 30. Nxe5 Rxe5+ 31. Kf2 Rd5 32. Ke2 Rxd2+ 33.
Rxd2 Nxd2 34. Kxd2 b4 35. Kd3 Kf7 36. Kc4 a3 37.
bxa3 bxa3 38. Kb3 Ke6 39. Kxa3 Kd5 40. Kb4 Kd4 41. Kb5 Ke3 42. Kc5 Kf2 43. g4 Kg2 44.
Kd4 Kxh2 45. Ke4 Kg3 46. Kf5 Kh4 47. g5 Kh5 48. Kf4 g6 0-1

[Event "*** Titled Tuesday 3|2 Blitz"]
[Site "Chess.com"]
[Date "2017.06.06"]
[Round "4"]
[White "AndrewDGreen"]
[Black "SmarterChess"]
[Result "1-0"]
[WhiteElo "2199"]
[BlackElo "2099"]
[TimeControl "180+2"]
[EndTime "14:39:13 PDT"]
[Termination "AndrewDGreen won on time"]

1. d4 c5 2. d5 e5 3. e4 d6 4. Bb5+ Nd7 5. a4 Be7 6. Nf3 h6 7. Nc3 Bg5 8. Nxg5 hxg5 9. Be3 a6 10.
Be2 Ndf6 11. Bxg5 Bd7 12. Qd2 Qb6 13. O-O Ng4 14. h3 N4h6 15. a5 Qc7 16. f4 f6 17. Bh4 Nf7 18. Bg3 O-O-O 19. f5 Ne7 20. Rfb1 g6 21. fxg6 Nxg6 22. Kh2 Ng5 23. Bf1 Nh4 24.
Qf2 Bxh3 25. gxh3 Nhf3+ 26. Kg2 Rxh3 27. Be2 Nd4 28. Bg4+ Kb8 29. Bxh3 Nxh3 30. Kxh3 Qd7+ 31. Kg2 Rg8 32. Rh1 Qg4 33. Rag1 f5 34. exf5 Nxf5 35. Rh3 Nh4+ 36. Rxh4 Qxh4 37. Kf1 Qc4+ 38. Ke1 1-0

[Event "*** Titled Tuesday 3|2 Blitz"]
[Site "Chess.com"]
[Date "2017.06.06"]
[Round "4"]
[White "AkshatChandra"]
[Black "penguingm1"]
[Result "0-1"]
[WhiteElo "2732"]
[BlackElo "2601"]
[TimeControl "180+2"]
[EndTime "14:39:25 PDT"]
[Termination "penguingm1 won on time"]

1. e4 e5 2. Nf3 Nc6 3. Bc4 Bc5 4. O-O Nf6 5. d3 a6 6. c3 Ba7 7. a4 d6 8. Na3 h6 9. Nc2 O-O 10. Be3 Be6 11. Bxe6 fxe6 12. Bxa7 Rxa7 13. Re1 Qd7 14. d4 exd4 15. Nfxd4 Raa8 16. Nxc6 bxc6 17. e5 Nd5 18. g3 Rab8 19. c4 Ne7 20. exd6 cxd6 21.
b4 Ng6 22. Qd2 Qf7 23. f4 e5 24. Qxd6 Kh7 25. Qxc6 exf4 26. Qe6 Qc7 27. Qe4 Rbe8 28. Qd3 Rd8 29. Qe4 fxg3 30. Nd4 Rf4 31. Ne6 Rxe4 32. Nxc7 Rxc4 33. Nxa6 gxh2+ 34. Kh1 Nh4 35. Red1 Re8 36. Re1 Rec8 37. Nc5 Rxb4 38. Nd3 Rb3 39. Ne5 Nf5 40. Ra2 Re8 41. Kxh2 Ne3 42. Nf3 Rf8 43. Ne5 Rf5 0-1

[Event "*** Titled Tuesday 3|2 Blitz"]
[Site "Chess.com"]
[Date "2017.06.06"]
[Round "4"]
[White "belisarius64"]
[Black "Quiet_Desperation"]
[Result "0-1"]
[WhiteElo "2231"]
[BlackElo "1967"]
[TimeControl "180+2"]
[EndTime "14:39:32 PDT"]
[Termination "Quiet_Desperation won by checkmate"]

1. e4 Nc6 2. Nf3 d6 3. d4 Nf6 4. Nc3 d5 5. e5 Ne4 6. Bd3 Bf5 7. O-O e6 8. Ne2 Be7 9. c3 O-O 10. Ne1 h6 11. f3 Ng5 12. Bxf5 exf5 13.
Nd3 Qd7 14. Nef4 Ne6 15. Qe2 Ncd8 16. Bd2 c5 17. dxc5 Nxc5 18. Rad1 Nde6 19. Nxc5 Bxc5+ 20. Kh1 Qc6 21. Be3 Rfd8 22. Rd2 Rd7 23. Rfd1 Rad8 24.
Qf2 Bxe3 25. Qxe3 d4 26. cxd4 Nxd4 27. Qc3 Qa4 28. b3 Qb5 29. h3 Qxe5 30. Ne2 Nxf3 31. Qxe5 Nxe5 32. Rxd7 Rxd7 33. Rc1 g5 34. Rc5 f6 35.
Rc8+ Kf7 36. Ra8 a6 37. Rb8 f4 38. Nc3 Ke6 39. Ne4 Kf5 40. Nc5 Rd1+ 41. Kh2 Rd2 42. Kg1 g4 43. hxg4+ Nxg4 44. Kf1 Ne3+ 45. Ke1 Rc2 46.
Nxb7 Nxg2+ 47. Kd1 Ne3+ 48. Ke1 f3 49. Nd6+ Kg6 50.
Ne4 Re2# 0-1

[Event "*** Titled Tuesday 3|2 Blitz"]
[Site "Chess.com"]
[Date "2017.06.06"]
[Round "4"]
[White "Blitzking4444"]
[Black "LonesomeGeorge1"]
[Result "1-0"]
[WhiteElo "2014"]
[BlackElo "2234"]
[TimeControl "180+2"]
[EndTime "14:39:37 PDT"]
[Termination "Blitzking4444 won by checkmate"]

1. e4 e5 2. Nf3 Nc6 3. d4 exd4 4.
Nxd4 Bb4+ 5. c3 Bc5 6. Be3 Bb6 7. Nf5 g6 8. Bxb6 axb6 9. Ne3 Nf6 10. f3 O-O 11. c4 d5 12. cxd5 Nxe4 13. fxe4 Qh4+ 14. Kd2 Qxe4 15. Nc3 Qd4+ 16. Ke2 Bg4+ 17. Nxg4 Qxg4+ 18. Kf2 Qf4+ 19. Qf3 Qd2+ 20. Qe2 Qf4+ 21. Qf3 Qd2+ 22.
Be2 Nd4 23. Qe3 Qxe3+ 24. Kxe3 Nc2+ 25. Kd2 Nxa1 26. Rxa1 Rfe8 27. Bf3 Rad8 28. Kc2 f5 29. Rd1 Kf7 30. Rd2 Kf6 31. h4 h6 32. Rf2 g5 33.
hxg5+ hxg5 34. Bg4 Re5 35. Bf3 Kg6 36. g4 f4 37. Be4+ Kg7 38. Bf5 c6 39. dxc6 bxc6 40. Rh2 Rh8 41. Rd2 Re7 42. Ne4 Ra8 43. Nxg5 Rxa2 44.
Rh2 Ra1 45. Rh7+ Kf8 46. Ne6+ Ke8 47. Rh8+ Kf7 48. Rf8# 1-0

[Event "*** Titled Tuesday 3|2 Blitz"]
[Site "Chess.com"]
[Date "2017.06.06"]
[Round "4"]
[White "CookiesAndIceCream"]
[Black "Schemato"]
[Result "0-1"]
[WhiteElo "2184"]
[BlackElo "2295"]
[TimeControl "180+2"]
[EndTime "14:39:40 PDT"]
[Termination "Schemato won by resignation"]

1. e4 e6 2. d4 d5 3. Nd2 Be7 4. Ngf3 Nf6 5. e5 Nfd7 6. Bd3 c5 7. c3 b6 8. O-O Ba6 9. Bxa6 Nxa6 10.
Re1 Nc7 11. Nf1 Rc8 12. Be3 O-O 13. Ng3 f5 14. exf6 Bxf6 15. Qd2 Qe8 16. Bg5 Qg6 17. Re2 Bxg5 18. Nxg5 Rce8 19. Rae1 h6 20. Nf3 Rxf3 21. gxf3 Rf8 22. Re3 c4 23. Kh1 Rf6 24. Rg1 Qf7 25. Qe2 Nf8 26. f4 Ng6 27. f5 exf5 28. Nh5 Re6 29.
Rxe6 Nxe6 30. Qf3 Ng5 31. Qg2 f4 32. Qg4 Kh7 33. h4 Ne6 34. Re1 Ngf8 35. Re5 g6 36.
Qf3 gxh5 37. Qxd5 Qf6 38. Rxh5 Ng6 39. Qb7+ Ng7 40. Rd5 Qxh4+ 41. Kg1 Qg4+ 42. Kf1 f3 43. Ke1 Qe4+ 44. Kf1 Qe2+ 0-1

[Event "*** Titled Tuesday 3|2 Blitz"]
[Site "Chess.com"]
[Date "2017.06.06"]
[Round "4"]
[White "Divertissement"]
[Black "heartofatiger"]
[Result "1-0"]
[WhiteElo "2406"]
[BlackElo "2371"]
[TimeControl "180+2"]
[EndTime "14:39:44 PDT"]
[Termination "Divertissement won by resignation"]

1. d4 Nf6 2. Nf3 e6 3. c4 c5 4. d5 d6 5. Nc3 exd5 6. cxd5 g6 7.
h3 Bg7 8. e4 O-O 9. Bd3 a6 10.
a4 Nbd7 11. O-O Re8 12. Bf4 Qe7 13. Re1 Nh5 14. Bg5 Qf8 15. Qd2 h6 16. Be3 Rb8 17. a5 b5 18. axb6 Rxb6 19. Ra2 g5 20. Rea1 Nhf6 21.
Qc2 g4 22. hxg4 Nxg4 23. Bf4 Nde5 24. Nxe5 Bxe5 25. Bxe5 Nxe5 26. Bxa6 Bd7 27. Be2 Reb8 28. f4 Ng6 29. g3 Qg7 30. Qd2 Qd4+ 31. Qxd4 cxd4 32.
Nd1 Rb3 33. Kf2 d3 34. Bf3 Rc8 35. Ra8 Rxa8 36. Rxa8+ Kg7 37. Ra7 Bb5 38. Bh5 d2 39. Bxg6 Kxg6 40. Ra3 Rb4 41. Ke3 Ba4 42. Kxd2 Bxd1 43.
Kxd1 Rxe4 44. Kc2 Rd4 45. Rd3 Rb4 46. Kc3 Re4 47. b4 Re1 48. Kc4 f5 49. b5 1-0

[Event "*** Titled Tuesday 3|2 Blitz"]
[Site "Chess.com"]
[Date "2017.06.06"]
[Round "4"]
[White "josiwales"]
[Black "Hamisandwich"]
[Result "0-1"]
[WhiteElo "2314"]
[BlackElo "2443"]
[TimeControl "180+2"]
[EndTime "14:39:45 PDT"]
[Termination "Hamisandwich won by resignation"]

1. e4 c5 2. Nc3 d6 3. g3 g6 4. Bg2 Bg7 5. d3 Nc6 6. Be3 Rb8 7. Qd2 b5 8. f4 b4 9. Nd1 a5 10. Ne2 a4 11. Rb1 Ba6 12. O-O Nh6 13. h3 Qc7 14. g4 f5 15. g5 Nf7 16. exf5 gxf5 17. Ng3 Nd4 18. Kh2 Qd7 19. Nf2 b3 20. axb3 axb3 21. Ra1 Bb7 22. Bxd4 Bxd4 23. Bxb7 Rxb7 24.
Ra8+ Nd8 25. c3 Bg7 26. h4 O-O 27. h5 Ra7 28. Ra1 Rxa1 29. Rxa1 e5 30. Nh3 Ne6 31. Rf1 d5 32. Qg2 e4 33. h6 Bh8 34.
dxe4 dxe4 35. Qe2 Qd3 36. Rd1 Qxe2+ 37. Nxe2 Rd8 38. Rxd8+ Nxd8 39. Kg3 Ne6 40. Kf2 c4 41. Ke3 Nc5 42. Nf2 Nd3 43. Nxd3 cxd3 44. Nc1 Bxc3 45. Nxb3 Bxb2 46. Nc5 Bc1+ 47. Kf2 Bxf4 48. Ne6 Bc1 49. Ke1 e3 50. Kd1 e2+ 51. Ke1 Bb2 52. Nf4 Bc3+ 0-1

[Event "*** Titled Tuesday 3|2 Blitz"]
[Site "Chess.com"]
[Date "2017.06.06"]
[Round "4"]
[White "maciek_92"]
[Black "sergiochess83"]
[Result "0-1"]
[WhiteElo "2528"]
[BlackElo "2639"]
[TimeControl "180+2"]
[EndTime "14:39:53 PDT"]
[Termination "sergiochess83 won by resignation"]

1. c4 e5 2. Nc3 Nf6 3. g3 Bb4 4.
Bg2 O-O 5. Nf3 Re8 6. O-O Bxc3 7. bxc3 d6 8. d3 e4 9. Nd4 h6 10. Rb1 Nbd7 11. Qc2 Nc5 12. dxe4 Nfxe4 13. f3 Nf6 14. e4 Bd7 15. Be3 Ba4 16. Qd2 Nfd7 17. Nb3 b6 18.
Qe2 Bc6 19. Rfd1 Qf6 20. Nd4 Ba4 21. Rd2 Ne5 22. Bf2 Rad8 23. Re1 Bd7 24. h3 Ng6 25. h4 Ne5 26. Bf1 Re7 27. Kg2 Rde8 28. Qd1 Bc8 29. Nc2 Qg6 30. Nb4 Bb7 31. Nd5 Bxd5 32. cxd5 f5 33. exf5 Qxf5 34. Bxc5 bxc5 35. Bb5 Rb8 36. a4 g5 37. hxg5 hxg5 38. Rf2 Rh7 39. Rh1 Rf8 40. Rxh7 Qxh7 41. Qd2 Qf5 42. Qe3 Rf7 43.
Qe2 Rh7 44. g4 Qf4 45. Kg1 Qg3+ 46. Rg2 Nxf3+ 47. Qxf3 0-1

[Event "*** Titled Tuesday 3|2 Blitz"]
[Site "Chess.com"]
[Date "2017.06.06"]
[Round "4"]
[White "AndreyOstrovskiy"]
[Black "Spinaltap"]
[Result "1-0"]
[WhiteElo "2529"]
[BlackElo "2505"]
[TimeControl "180+2"]
[EndTime "14:39:53 PDT"]
[Termination "AndreyOstrovskiy won by resignation"]

1. e4 c6 2. d4 d5 3. Nd2 dxe4 4.
Nxe4 Bf5 5. Ng3 Bg6 6. h4 h6 7. Nf3 Nd7 8. h5 Bh7 9. Bd3 Bxd3 10. Qxd3 e6 11. Bd2 Ngf6 12. O-O-O Be7 13. Kb1 Qb6 14. Ne4 Rd8 15. Bc1 c5 16. Nxf6+ Nxf6 17. g4 Nxg4 18. Qe2 O-O 19. Rhg1 f5 20. d5 Bf6 21. dxe6 Rxd1 22. Rxd1 Re8 23. Re1 c4 24. Qxc4 Qc6 25. Qd3 Rxe6 26.
Qxf5 Rxe1 27. Nxe1 Ne5 28. Nd3 Nxd3 29. cxd3 Qh1 30.
Kc2 Qf1 31. Qf3 b6 32. Bd2 Qa1 33. Qd5+ Kh8 34. Bc3 Bxc3 35. bxc3 Qe1 36. Qf3 Qa1 37. Qa8+ Kh7 38. Qxa7 Qf1 39. Qxb6 Qe2+ 40. Kb3 Qxh5 41. a4 Qd5+ 42. Kb4 Qxd3 43. Qd4 Qb1+ 44. Ka5 h5 45. c4 g5 46. c5 h4 47. c6 Qe1+ 48.
Kb6 Qb1+ 49. Ka7 h3 50. Qd7+ Kg6 51. Qxh3 Qb3 52. Qxb3 1-0